 Dungeon Crawl Stone Soup version 0.16.1-25-gbcee3f8 (webtiles) character file.

29 Z4ng3tsu the Grave Robber (level 3, -1/24 HPs)
             Began as a Demonspawn Necromancer on May 19, 2015.
             Slain by an adder (4 damage)
             ... on level 2 of the Dungeon.
             The game lasted 00:14:04 (2021 turns).

Z4ng3tsu the Grave Robber (Demonspawn Necromancer)  Turns: 2021, Time: 00:14:04

Health: -1/24      AC:  3    Str:  8    XL:     3   Next: 1%
Magic:  2/6        EV: 12    Int: 16    God:
Gold:   59         SH:  0    Dex: 14    Spells: 2 memorised, 4 levels left

rFire  . . .     SeeInvis .     (no weapon)
rCold  . . .     Clarity  .     a - +1 robe
rNeg   . . .     SustAb   .     (no shield)
rPois  .         Gourm    .     (helmet restricted)
rElec  .         Spirit   .     (no cloak)
rCorr  .         Warding  .     (no gloves)
rMut   .         Stasis   .     (no boots)
MR     .....                    (no amulet)
Stlth  ++........               (no ring)
                                (no ring)

@: not resistant to hostile enchantments, unstealthy
A: antennae 1
a: no special abilities


You were on level 2 of the Dungeon.
You were not hungry.

You visited 1 branch of the dungeon, and saw 2 of its levels.

You collected 59 gold pieces.

Inventory:

Hand weapons
 t - a +0 spear
Armour
 a - a +1 robe (worn)
 e - a +0 pair of gloves
 g - a +0 leather armour
 j - a +0 buckler
 s - a +2 helmet
Jewellery
 f - a cursed -2 ring of slaying {unknown}
 k - an uncursed ring of protection from cold {unknown}
 l - an uncursed amulet of stasis {unknown}
Scrolls
 h - a scroll of identify {unknown}
 n - a scroll of fog {unknown}
 p - a scroll of noise {unknown}
 q - a scroll of blinking {unknown}
 r - a scroll of immolation {unknown}
Potions
 i - a potion of curing {unknown}
Books
 b - a book of Necromancy

   Spells                             Type                      Level
   a - Pain                           Necromancy                   1
   b - Animate Skeleton               Necromancy                   1
   c - Vampiric Draining              Necromancy                   3
   d - Regeneration                   Charms/Necromancy            3
   e - Animate Dead                   Necromancy                   4
   f - Control Undead                 Necromancy                   4
Comestibles
 c - a bread ration
 d - a meat ration
 m - a fruit
 o - a slice of pizza


   Skills:
 + Level 0.2 Fighting
 + Level 2.1 Dodging
 + Level 1.9 Stealth
 + Level 0.1 Unarmed Combat
 + Level 2.3 Spellcasting
 + Level 4.8 Necromancy


You had 4 spell levels left.
You knew the following spells:

 Your Spells              Type           Power        Failure   Level  Hunger
a - Pain                  Necr           ###.         3%          1    #......
b - Animate Skeleton      Necr           N/A          3%          1    #......


Dungeon Overview and Level Annotations

Branches:
Dungeon (2/15)

Altars:


Innate Abilities, Weirdness & Mutations

You have a pair of small antennae on your head.


Message History

The adder barely resists.
The adder bites you. The adder bites you.
* * * LOW HITPOINT WARNING * * *
The adder bites you.
* * * LOW HITPOINT WARNING * * *
A bat comes into view.
You feel sick.
Found a spear.
The adder closely misses you.
You feel sick.
Found 7 gold pieces.
The adder closely misses you.
Found a stone staircase leading up.
You feel sick.
You are no longer poisoned.
The adder misses you.
You see here a spear.
t - a spear The adder bites you.
You die...

#...+ <..# #...#### #$.#
. #...... ...#.
###.#.#######..#.
..<..b..........
#.#.#.######...# #.#.#.#
#...# #.#.#.#
#...########..
..K.#.######..KS@........
#.###).......#.########.#
#. ##########.# #. { ..#
. ####


You could see an adder and a kobold.

Vanquished Creatures
  2 giant geckos (D:1)
  A ball python (D:1)
  5 bats
  2 hobgoblins (D:1)
  A giant cockroach (D:1)
  A giant newt (D:1)
  3 goblins (D:1)
  2 kobolds (D:1)
  A rat (D:1)
18 creatures vanquished.

Vanquished Creatures (collateral kills)
  A gnoll (D:1)
  A hobgoblin (D:1)
  2 kobolds (D:1)
  A ball python (D:1)
  A bat (D:1)
  A giant gecko (D:1)
  A giant newt (D:1)
8 creatures vanquished.

Vanquished Creatures (others)
  2 ball python skeletons (D:1)
  A giant gecko skeleton (D:1)
  A hobgoblin skeleton (D:1)
4 creatures vanquished.

Grand Total: 30 creatures vanquished

Notes
Turn   | Place    | Note
--------------------------------------------------------------
     0 | D:1      | Z4ng3tsu, the Demonspawn Necromancer, began the quest for the Orb.
     0 | D:1      | Reached XP level 1. HP: 13/13 MP: 3/3
    10 | D:1      | Learned a level 1 spell: Animate Skeleton
   471 | D:1      | Gained mutation: You have a pair of small antennae on your head. [demonic ancestry]
   471 | D:1      | Reached XP level 2. HP: 13/19 MP: 4/4
  1998 | D:2      | Reached XP level 3. HP: 21/24 MP: 2/6
  2021 | D:2      | Slain by an adder

Action                   || total
-------------------------++-------
Melee: Unarmed           ||    86
 Cast: Pain              ||    18
       Animate Skeleton  ||     9
  Use: Scroll            ||     1
  Eat: Chunk             ||     3
       Fruit             ||     1
